Map: Bridgehead LE (Void)

Players

mynutz

  • Race: Protoss Protoss
  • League: Gold

SticklerMac - Winner!

  • Race: Zerg Zerg
  • League: Silver

VOD

Have the link to the VOD?

Description

Time

  • Played on: Sept. 26, 2015, 8:58 p.m.
  • Length: 15:19
Show
View Real Time Build Order
Export as new Build Order

mynutz Protoss 

Build Orders:  

Get SALT Encoding   

  12  0:01  Probe (Chrono Boost)  
  13  0:11  Probe (Chrono Boost)  
  14  0:19  Pylon  
  14  0:21  Probe (Chrono Boost)  
  15  0:36  Probe (Chrono Boost)  
  15  0:38  Gateway  
  16  0:47  Probe (Chrono Boost)  
  17  0:50  Assimilator  
  17  0:57  Probe (Chrono Boost)  
  18  1:06  Probe (Chrono Boost)  
  18  1:10  Pylon  
  19  1:16  Probe (Chrono Boost)  
  20  1:26  Probe (Chrono Boost)  
  20  1:29  Cybernetics Core  
  21  1:32  Zealot (Chrono Boost)  
  21  1:37  Probe  
  24  1:53  Nexus  
  24  1:56  Probe  
  25  2:06  Warp Gate  
  25  2:11  Assimilator  
  25  2:14  Mothership Core  
  27  2:26  Pylon  
  27  2:33  Adept (Chrono Boost)  
  27  2:35  Probe  
  30  2:47  Probe  
  31  2:59  Probe  
  32  3:11  Probe  
  32  3:12  Gateway x2  
  33  3:17  Gateway  
  33  3:18  Probe  
  33  3:19  Gateway  
  33  3:23  Probe  
  35  3:34  Probe  
  35  3:35  Probe  
  37  3:44  Probe  
  37  3:47  Probe  
  39  3:54  Probe  
  39  3:59  Probe  
  39  4:08  Probe  
  39  4:10  Pylon  
  39  4:11  Pylon  
  39  4:13  Assimilator  
  40  4:17  Assimilator  
  40  4:18  Probe  
  40  4:19  Pylon  
  40  4:20  Pylon  
  41  4:28  Probe  
  41  4:29  Probe  
  43  4:38  Probe, Pylon  
  43  4:41  Probe  
  43  4:43  Robotics Facility  
  43  4:44  Adept x3  
  43  4:45  Adept x2  
  53  4:48  Probe  
  56  4:53  Probe  
  57  5:08  Probe  
  57  5:09  Pylon  
  57  5:11  Forge  
  58  5:18  Probe  
  59  5:28  Probe  
  59  5:33  Pylon, Warp Prism (Chrono Boost)  
  62  5:38  Probe  
  62  5:39  Pylon  
  62  5:42  Pylon  
  63  5:45  Pylon  
  63  5:48  Probe  
  64  6:32  Nexus  
  62  6:47  Adept x2  
  62  6:48  Adept x3  
  72  7:21  Stalker x3  
  72  7:22  Stalker x2  
  74  7:27  Pylon  
  72  7:33  Photon Cannon  
  72  7:35  Photon Cannon  
  72  7:40  Observer (Chrono Boost)  
  72  7:44  Photon Cannon x2  
  73  7:47  Stalker x2, Photon Cannon  
  73  7:48  Stalker x3  
  73  7:49  Photon Cannon  
  83  7:55  Photon Cannon  
  74  8:08  Mothership Core  
  74  8:11  Zealot  
  53  8:14  Stalker x4  
  57  8:30  Probe  
  46  8:38  Stalker  
  46  8:39  Stalker x2  
  46  8:40  Stalker, Probe  
  42  8:50  Probe  
  43  8:56  Zealot  
  45  9:09  Pylon, Zealot x3  
  51  9:10  Zealot  
  51  9:11  Pylon  
  51  9:12  Mothership Core  
  51  9:14  Pylon  
  55  9:17  Probe  
  56  9:29  Probe  
  57  9:32  Photon Cannon  
  57  9:35  Photon Cannon  
  57  9:38  Gateway  
  57  9:39  Gateway  
  57  9:41  Probe  
  57  9:45  Gateway  
  58  9:47  Gateway  
  58  9:50  Probe, Gateway  
  58  9:52  Pylon  
  59  9:53  Probe  
  59  9:54  Pylon  
  59  9:55  Probe  
  61  10:00  Probe  
  61  10:05  Probe x2  
  64  10:09  Observer (Chrono Boost)  
  64  10:10  Probe  
  66  10:14  Probe  
  66  10:18  Probe  
  66  10:20  Probe  
  68  10:24  Probe  
  68  10:28  Stalker x2  
  72  10:29  Stalker  
  72  10:30  Stalker, Probe x2  
  80  10:42  Probe  
  81  10:51  Probe  
  81  10:55  Probe  
  83  11:01  Probe  
  80  11:06  Stalker x2  
  80  11:07  Stalker, Probe  
  80  11:08  Stalker x2  
  80  11:11  Probe  
  92  11:19  Probe  
  92  11:25  Pylon x2  
  93  11:26  Assimilator  
  93  11:31  Probe  
  94  11:35  Twilight Council  
  94  11:43  Probe  
  95  12:01  Stalker x2  
  99  12:02  Stalker x3  
  105  12:26  Adept x2  
  105  12:27  Adept x6  
  105  12:28  Adept  
  105  12:29  Adept  
  64  13:32  Stalker x4  
  64  13:33  Stalker x3  
  68  13:34  Stalker  
  68  13:35  Stalker x2  
  74  13:41  Dark Shrine  
  74  13:45  Templar Archives  
  74  13:47  Probe  
  75  13:59  Probe  
  76  14:05  Photon Cannon  
  76  14:11  Probe  
  77  14:17  Stalker  
  77  14:18  Stalker  
  77  14:23  Stalker, Probe  
  77  14:24  Stalker  
  84  14:25  Stalker x3  
  78  14:35  Probe  
  59  14:44  Pylon  
  59  14:47  Pylon  
  59  14:49  Stalker x5  
  59  15:05  Stalker x4  
Show
View Real Time Build Order
Export as new Build Order

SticklerMac Zerg - Winner!

Build Orders: Hatch First 

Get SALT Encoding   

  12  0:01  Drone  
  13  0:13  Overlord  
  13  0:18  Drone  
  14  0:31  Drone x2  
  17  0:35  Drone  
  17  0:57  Hatchery  
  17  1:01  Drone  
  17  1:02  Drone  
  18  1:09  Drone  
  19  1:17  Extractor  
  18  1:23  Spawning Pool  
  17  1:26  Drone  
  17  1:29  Drone  
  19  1:41  Drone  
  20  1:50  Drone  
  20  2:11  Spine Crawler  
  20  2:12  Queen x2  
  23  2:18  Drone x2  
  23  2:19  Drone  
  23  2:22  Drone  
  27  2:25  Metabolic Boost  
  27  2:28  Drone  
  28  2:33  Overlord  
  28  2:51  Overlord  
  28  2:52  Overlord  
  28  3:02  Overlord  
  28  3:12  Zergling x8  
  32  3:18  Drone  
  33  3:24  Drone, Queen x2  
  33  3:26  Overlord  
  38  3:30  Drone, Extractor  
  38  3:33  Drone  
  38  3:34  Drone  
  39  3:55  Zergling x2  
  40  3:56  Zergling x10  
  44  4:07  Zergling x2  
  44  4:08  Drone, Zergling x2  
  44  4:09  Drone x5  
  52  4:13  Drone  
  52  4:14  Drone  
  54  4:17  Lair  
  54  4:40  Drone x5  
  54  4:41  Drone  
  54  4:42  Overlord  
  54  4:43  Overlord x2  
  59  5:05  Drone x3  
  59  5:06  Drone x6  
  59  5:07  Drone  
  69  5:16  Spire  
  68  5:24  Overlord, Extractor  
  68  5:25  Overlord x3, Extractor  
  66  6:01  Spore Crawler  
  66  6:03  Spore Crawler  
  64  6:06  Spore Crawler  
  64  6:10  Overseer  
  63  6:50  Mutalisk  
  63  6:51  Mutalisk x10  
  76  7:01  Zergling x2  
  76  7:02  Zergling x8  
  76  7:03  Zergling x20  
  83  7:18  Zergling x2  
  83  7:19  Zergling x12  
  86  7:27  Zergling x2  
  87  7:40  Zergling x2  
  87  7:41  Zergling x2  
  89  7:56  Mutalisk x5  
  89  7:57  Zergling x2  
  89  7:58  Zergling x6  
  97  8:06  Zergling x2  
  97  8:07  Zergling x2  
  89  8:28  Hatchery  
  86  8:38  Zergling x20  
  86  8:39  Zergling x4  
  89  8:53  Mutalisk x4  
  89  8:54  Mutalisk  
  89  8:55  Zergling x6  
  80  9:22  Drone x7  
  87  9:40  Drone x7  
  87  9:41  Drone  
  87  9:45  Drone  
  96  9:47  Drone  
  97  9:55  Queen  
  99  10:05  Overseer  
  99  10:09  Pneumatized Carapace  
  99  10:12  Drone x3  
  99  10:13  Drone  
  103  10:17  Drone x2  
  105  10:23  Mutalisk x3  
  110  10:45  Mutalisk x3  
  110  10:46  Mutalisk x2  
  120  11:24  Overlord x3  
  120  11:25  Overlord x5  
  120  11:44  Extractor  
  120  11:46  Extractor  
  118  11:51  Infestation Pit  
  117  12:14  Drone x10  
  117  12:15  Drone x25  
  148  12:25  Mutalisk  
  150  12:31  Zergling x2  
  150  12:32  Zergling x16  
  150  12:35  Zergling x6  
  150  12:36  Zergling x2  
  163  12:45  Spine Crawler, Zergling x2  
  163  12:46  Zergling x4  
  163  12:49  Spine Crawler  
  164  12:53  Spine Crawler  
  158  13:01  Mutalisk  
  158  13:02  Mutalisk x11  
  140  13:26  Hive  
  140  13:44  Mutalisk x9  
  158  13:51  Zergling x16  
  158  13:52  Zergling x4  
  160  14:25  Hatchery  
  160  14:26  Mutalisk  
  160  14:27  Mutalisk x4  
  143  14:39  Mutalisk  
  143  14:40  Zergling x2  
  143  14:41  Zergling x24  
  143  14:42  Zergling x10  
Tags
 
Add a new tag
Caveats
  • Supply blocks, unpowered buildings, or Contaminate may cause inaccurate times.
  • Supply counts are checked every 10 seconds.